[Event "Titled Tuesday Blitz May 17 Late 2022"]
[White "Dubov, Daniil"]
[Black "Motylev, Alexander"]
[WhiteFideId "24126055"]
[BlackFideId "4121830"]
[WhiteElo "2791"]
[BlackElo "2470"]
[Result "1-0"]
[Round "02"]
[TimeControl "180+1"]
[Date "2022.05.17"]
[WhiteClock "0:00:31"]
[BlackClock "0:00:10"]

1. d4 d5 2. Nf3 Nf6 3. c4 c6 4. Nc3 e6 5. g3 Nbd7 6. Bg2 Bd6 7. O-O O-O 8. Qc2 b6 9. e4 dxe4 10. Ng5 Bb7 11. Ncxe4 Be7 12. Rd1 h6 13. Nxf6+ Nxf6 14. Ne4 Qd7 15. Bf4 Rfd8 16. c5 Nxe4 17. Bxe4 Rac8 18. Rac1 Bf6 19. Bd6 Bg5 20. Rb1 Be7 21. Be5 Ba6 22. b4 Qe8 23. a4 Bb7 24. h4 Rd7 25. Rd2 Qd8 26. Rbd1 Bf6 27. Qc3 Ba6 28. Kg2 Kh8 29. h5 Kg8 30. Bb1 Kf8 31. Qc2 Rd5 32. Ba2 Rd7 33. Bf4 Bg5 34. Qe4 Bxf4 35. Qxf4 Qg5 36. Qxg5 hxg5 37. Bb1 Ke7 38. g4 Bc4 39. Kg3 Rcd8 40. f4 gxf4+ 41. Kxf4 f6 42. Ke3 Rd5 43. Be4 Rg5 44. Bxc6 Rxg4 45. Rg2 Rxg2 46. Bxg2 Bd5 47. Rg1 Bb3 48. Bb7 Rd7 49. Rxg7+ Kd8 50. Rxd7+ Kxd7 51. h6 1-0


[Site "https://www.chess.com"]

[Event "Titled Tuesday Blitz May 17 Late 2022"]
[White "Ekdyshman, Mikhail"]
[Black "Chigaev, Maksim"]
[WhiteFideId "4149416"]
[BlackFideId "4108116"]
[WhiteElo "2146"]
[BlackElo "2457"]
[Result "0-1"]
[Round "02"]
[TimeControl "180+1"]
[Date "2022.05.17"]
[WhiteClock "0:00:56"]
[BlackClock "0:01:11"]

1. d4 Nf6 2. Nf3 d5 3. e3 g6 4. Bd3 Bg7 5. O-O O-O 6. Nbd2 c5 7. c3 b6 8. h3 Bb7 9. a4 Nc6 10. Rb1 Qd6 11. Re1 e5 12. dxe5 Nxe5 13. Nxe5 Qxe5 14. Nf3 Qe7 15. b4 Ne4 16. Bxe4 dxe4 17. Nd2 Rfd8 18. Qc2 Rd3 19. Bb2 Rad8 20. Nc4 Qe6 21. Na3 h5 22. bxc5 bxc5 23. c4 Bxb2 24. Rxb2 Bc6 25. Nb5 R8d7 26. Ra2 Qe5 27. a5 a6 28. Na3 Qc3 29. Nb1 Qxe1+ 0-1


[Site "https://www.chess.com"]

[Event "Titled Tuesday Blitz May 17 Late 2022"]
[White "Fedoseev, Vladimir"]
[Black "Dardha, Daniel"]
[WhiteFideId "24130737"]
[BlackFideId "240990"]
[WhiteElo "2726"]
[BlackElo "2482"]
[Result "1-0"]
[Round "02"]
[TimeControl "180+1"]
[Date "2022.05.17"]
[WhiteClock "0:00:05"]
[BlackClock "0:00:01"]

1. e4 c5 2. Nf3 Nc6 3. d4 cxd4 4. Nxd4 e5 5. Nb5 a6 6. Nd6+ Bxd6 7. Qxd6 Qe7 8. Qxe7+ Ngxe7 9. Nc3 d5 10. Bd2 Be6 11. exd5 Nxd5 12. Nxd5 Bxd5 13. c3 O-O-O 14. Be3 Kc7 15. f3 f5 16. Be2 f4 17. Bf2 g5 18. b3 h5 19. O-O-O e4 20. c4 exf3 21. gxf3 Be6 22. Rxd8 Rxd8 23. Rg1 Rg8 24. Be1 Nd4 25. Bd1 g4 26. Bd2 Rf8 27. fxg4 hxg4 28. Bc3 Nf3 29. Rf1 Nxh2 30. Rxf4 Rxf4 31. Be5+ Kc6 32. Bxf4 Nf3 33. Kc2 Bf5+ 34. Kc3 b5 35. Be2 Be4 36. cxb5+ axb5 37. Bg3 Bb1 38. a3 Be4 39. Bf2 Bd5 40. Kb4 Nd2 41. Bxb5+ Kb7 42. Be3 Nxb3 43. a4 g3 44. Bd3 g2 45. Bc2 Nc1 46. Bd1 Nd3+ 47. Kc3 Nc5 48. Bxc5 Bc6 49. Bg1 1-0


[Site "https://www.chess.com"]

[Event "Titled Tuesday Blitz May 17 Late 2022"]
[White "Fiedorek, Michal"]
[Black "Ohanyan, Emin"]
[WhiteFideId "1199528"]
[BlackFideId "13312022"]
[WhiteElo "1833"]
[BlackElo "1927"]
[Result "0-1"]
[Round "02"]
[TimeControl "180+1"]
[Date "2022.05.17"]
[WhiteClock "0:00:02"]
[BlackClock "0:01:04"]

1. e4 e5 2. Nf3 Nc6 3. Bb5 f5 4. Bxc6 dxc6 5. Nc3 Nf6 6. Qe2 Bd6 7. d4 exd4 8. e5 O-O 9. O-O dxc3 10. exd6 cxb2 11. Qc4+ Kh8 12. Bxb2 cxd6 13. Ng5 d5 14. Qh4 h6 15. Nf3 Kh7 16. Rfe1 Ne4 17. Qh5 Qe8 18. Qh3 f4 19. Qh4 Qg6 20. Qe7 Bh3 21. Nh4 Qg5 22. Qxg5 hxg5 23. gxh3 gxh4 24. f3 Ng5 25. Re5 Nxf3+ 0-1


[Site "https://www.chess.com"]

[Event "Titled Tuesday Blitz May 17 Late 2022"]
[White "Hardaway, Brewington"]
[Black "Vasquez Schroeder, Rodrigo"]
[WhiteFideId "30941849"]
[BlackFideId "3400042"]
[WhiteElo "1768"]
[BlackElo "2567"]
[Result "0-1"]
[Round "02"]
[TimeControl "180+1"]
[Date "2022.05.17"]
[WhiteClock "0:00:02"]
[BlackClock "0:00:20"]

1. e4 c6 2. d4 d5 3. e5 Bf5 4. h4 h5 5. Bd3 Bxd3 6. Qxd3 Qa5+ 7. Nd2 e6 8. Nf3 Nh6 9. c4 dxc4 10. Qxc4 Nd7 11. O-O Nb6 12. Qc2 Nf5 13. b3 Be7 14. g3 Rd8 15. Bb2 Nd5 16. Nc4 Qa6 17. a4 O-O 18. Kg2 c5 19. dxc5 Bxc5 20. Qe4 Rd7 21. Ng5 Be7 22. Nh3 Rfd8 23. Nf4 Nxf4+ 24. Qxf4 Qc6+ 25. Kh2 Rd3 26. f3 Rxb3 27. Rac1 Qxa4 28. Ra1 Rxb2+ 29. Nxb2 Qc2+ 30. Kh3 Rd2 31. g4 hxg4+ 32. fxg4 Nh6 33. Nc4 Rd3+ 34. Ne3 Qc3 35. Rae1 Rd4 36. Qf3 Bc5 37. Re2 Rd3 38. Rfe1 Qxe5 39. Kg2 Qd4 40. Qxb7 Nxg4 41. Qa8+ Kh7 42. Nf1 Qg1# 0-1


[Site "https://www.chess.com"]

[Event "Titled Tuesday Blitz May 17 Late 2022"]
[White "Horobetz, Graham"]
[Black "Moskalenko, Alexander"]
[WhiteFideId "2047322"]
[BlackFideId "4155351"]
[WhiteElo "2604"]
[BlackElo "2434"]
[Result "0-1"]
[Round "02"]
[TimeControl "180+1"]
[Date "2022.05.17"]
[WhiteClock "0:01:21"]
[BlackClock "0:01:22"]

1. e4 e5 2. Nf3 Nc6 3. Bb5 Nf6 4. O-O Nxe4 5. Re1 Nd6 6. Nxe5 Nxe5 7. Rxe5+ Be7 8. Bf1 O-O 9. d4 Bf6 10. Re1 Nf5 11. d5 d6 12. Nd2 Bg5 13. g3 Re8 14. f4 Rxe1 15. Qxe1 Bf6 16. c3 g6 17. Ne4 Bg7 18. Be3 Nxe3 19. Qxe3 Bd7 20. Re1 Qe7 21. Nd2 Qf8 22. Bg2 Re8 23. Qf2 Rxe1+ 24. Qxe1 a5 25. Qe3 b6 26. Nb3 Bf6 27. Nd4 h5 28. h4 b5 29. Bf3 b4 30. Kg2 bxc3 31. Qxc3 Qb8 32. b3 Qb6 0-1


[Site "https://www.chess.com"]

[Event "Titled Tuesday Blitz May 17 Late 2022"]
[White "Indjic, Aleksandar"]
[Black "Gallo Garcia, Kemel Antonio"]
[WhiteFideId "911925"]
[BlackFideId "3523896"]
[WhiteElo "2616"]
[BlackElo "2359"]
[Result "1-0"]
[Round "02"]
[TimeControl "180+1"]
[Date "2022.05.17"]
[WhiteClock "0:01:35"]
[BlackClock "0:00:08"]

1. e4 e5 2. Nf3 Nc6 3. Bb5 a6 4. Ba4 Nf6 5. O-O Be7 6. Bxc6 dxc6 7. d3 Bd6 8. Nbd2 Qe7 9. Nc4 Bg4 10. h3 Bh5 11. Ne3 Bg6 12. Nh4 Qd7 13. Nhf5 O-O 14. Qf3 Bc5 15. Nc4 Rfe8 16. Bg5 Bxf5 17. Bxf6 gxf6 18. exf5 Kh8 19. Nd2 Be7 20. Ne4 Rg8 21. Rad1 c5 22. b3 b5 23. g4 a5 24. Kh2 a4 25. Rg1 axb3 26. axb3 Ra2 27. Qe2 Qd4 28. h4 Qb2 29. Rd2 Ra1 30. Rxa1 Qxa1 31. Rd1 Qd4 32. Rg1 h6 33. g5 hxg5 34. hxg5 Rxg5 35. c3 Qd7 36. Rxg5 fxg5 37. Qh5+ Kg7 38. f6+ Bxf6 39. Qh7+ Kxh7 40. Nxf6+ Kg7 41. Nxd7 c4 42. bxc4 bxc4 43. Nxe5 cxd3 44. Nxd3 Kf6 45. Kg3 Kf5 46. Kf3 f6 47. Ke3 Ke6 48. Ke4 f5+ 49. Kd4 Kd6 50. c4 Ke6 51. c5 f4 52. Ke4 c6 53. f3 1-0


[Site "https://www.chess.com"]

[Event "Titled Tuesday Blitz May 17 Late 2022"]
[White "Jaracz, Pawel"]
[Black "Bortnyk, Olexandr"]
[WhiteFideId "1102222"]
[BlackFideId "14120828"]
[WhiteElo "2429"]
[BlackElo "2723"]
[Result "0-1"]
[Round "02"]
[TimeControl "180+1"]
[Date "2022.05.17"]
[WhiteClock "0:00:01"]
[BlackClock "0:00:02"]

1. e4 Nf6 2. e5 Nd5 3. d4 d6 4. c4 Nb6 5. exd6 exd6 6. Nc3 Be7 7. Bd3 c6 8. Nge2 Na6 9. b3 d5 10. c5 Nd7 11. a3 Nc7 12. O-O O-O 13. b4 Re8 14. Be3 Bf6 15. Ng3 g6 16. Qd2 Ne6 17. Bc2 b6 18. Nce2 Ba6 19. Bd3 Bxd3 20. Qxd3 h5 21. Nc3 bxc5 22. bxc5 Ndxc5 23. dxc5 d4 24. Nge4 dxc3 25. Nxf6+ Qxf6 26. Rac1 Red8 27. Qc4 Rd5 28. Rxc3 Rad8 29. Rcc1 Rd3 30. Qa4 Nd4 31. Kh1 Nf5 32. Qxa7 Qe5 33. Bg5 Re8 34. Qa6 Qd5 35. Rce1 Rxe1 36. Rxe1 Rd1 37. Qe2 Rxe1+ 38. Qxe1 Qxc5 39. Bf6 Nd6 40. Bc3 Qxa3 41. Bb4 Qd3 42. h3 Ne4 43. f3 Nf6 44. Qe7 Qd1+ 45. Kh2 Qd4 46. Qf8+ Kh7 47. Qxf7+ Kh8 48. Qf8+ Kh7 49. Qe7+ Kg8 50. Bd6 Nd5 51. Qf8+ Kh7 52. Qf7+ Kh6 53. Bf8+ Kg5 54. Bd6 Qf6 55. Qd7 Kh6 56. Bc5 Qe5+ 57. Kh1 Qa1+ 58. Kh2 Qe5+ 59. Kh1 Qf6 60. Bd6 g5 61. Bg3 h4 62. Bd6 Ne3 0-1


[Site "https://www.chess.com"]

[Event "Titled Tuesday Blitz May 17 Late 2022"]
[White "Karttunen, Mika"]
[Black "Bazeev, German"]
[WhiteFideId "502081"]
[BlackFideId "24119350"]
[WhiteElo "2343"]
[BlackElo "2493"]
[Result "1/2-1/2"]
[Round "02"]
[TimeControl "180+1"]
[Date "2022.05.17"]
[WhiteClock "0:00:05"]
[BlackClock "0:00:09"]

1. e4 c5 2. Nf3 Nf6 3. Nc3 Nc6 4. d4 d5 5. exd5 Nxd5 6. Bb5 Nxc3 7. bxc3 cxd4 8. O-O e6 9. Nxd4 Bd7 10. Qg4 Nxd4 11. Bxd7+ Qxd7 12. cxd4 Rc8 13. Be3 h5 14. Qg3 h4 15. Qg4 h3 16. gxh3 Qd5 17. Rfc1 Rc4 18. a4 g6 19. Rab1 a6 20. Qg2 Rc7 21. c4 Qxg2+ 22. Kxg2 Rh5 23. c5 Rd5 24. f4 Kd7 25. Kf3 Kc8 26. Ke4 Bg7 27. Rb3 Rdd7 28. Rcb1 Rc6 29. Rg1 Bf6 30. Bf2 Bd8 31. Rgb1 Bf6 32. Rb4 Be7 33. R4b3 Rcc7 34. Rb6 Rd5 35. R1b3 Rdd7 36. Rb1 Bd8 37. R1b3 Rc6 38. Rxc6+ bxc6 39. Rb1 Rd5 40. Rb3 Bc7 41. Rf3 Kd7 42. Rb3 Kc8 43. Rf3 Rh5 44. Rb3 Rh7 45. Rf3 Ba5 46. Kd3 Rh5 47. Kc4 Rf5 48. Kd3 Bc7 49. Ke4 Rd5 50. Kd3 Rf5 51. Ke4 g5 52. fxg5 Rxg5 53. Rxf7 Rg2 54. h4 Rxh2 55. Rf8+ Kd7 56. Rf7+ Kc8 57. Rf8+ Kd7 58. Rf7+ Kc8 1/2-1/2


[Site "https://www.chess.com"]

[Event "Titled Tuesday Blitz May 17 Late 2022"]
[White "Keymer, Vincent"]
[Black "Rozovsky, Daniel"]
[WhiteFideId "12940690"]
[BlackFideId "2020904"]
[WhiteElo "2548"]
[BlackElo "2633"]
[Result "1-0"]
[Round "02"]
[TimeControl "180+1"]
[Date "2022.05.17"]
[WhiteClock "0:00:40"]
[BlackClock "0:00:19"]

1. Nf3 Nf6 2. c4 e6 3. Nc3 d5 4. e3 b6 5. cxd5 exd5 6. g3 Bb7 7. Bg2 Be7 8. O-O O-O 9. b3 c5 10. d4 Nbd7 11. Bb2 Ne4 12. dxc5 Ndxc5 13. Ne2 Bf6 14. Bxf6 Qxf6 15. Qd4 Qf5 16. Rfd1 Rfd8 17. Rac1 Rac8 18. Nf4 Ne6 19. Nxe6 fxe6 20. Qb2 Qf6 21. Qxf6 gxf6 22. Nd4 e5 23. Rxc8 Rxc8 24. Bxe4 dxe4 25. Nf5 Rc7 26. g4 Ba6 27. Rd8+ Kf7 28. h3 Be2 29. Rh8 Rc1+ 30. Kh2 a5 31. Rxh7+ Kf8 32. Rb7 b5 33. Ra7 a4 34. bxa4 b4 35. Rb7 Rb1 36. a5 Rb2 37. Kg3 Bc4 38. Rb8+ Kf7 39. Nd6+ Ke6 40. Nxc4 Rxa2 41. Rxb4 Kd5 42. Nb6+ Kc5 43. Rb1 Rxa5 44. Nd7+ Kd6 45. Nxf6 Ra4 46. g5 Ke6 47. Kg4 Ra2 48. Nxe4 Ra3 49. h4 Kd5 50. Nf6+ Ke6 51. Rb6+ Kf7 52. h5 Ra7 53. Kf5 e4 54. Rb5 Kg7 55. h6+ Kf7 56. g6+ Kf8 57. Rb8+ Ke7 58. Re8+ Kd6 59. Re6+ Kc5 60. h7 1-0


[Site "https://www.chess.com"]

[Event "Titled Tuesday Blitz May 17 Late 2022"]
[White "Kim, Yoon-Young"]
[Black "Bluebaum, Matthias"]
[WhiteFideId "30908779"]
[BlackFideId "24651516"]
[WhiteElo "2109"]
[BlackElo "2556"]
[Result "0-1"]
[Round "02"]
[TimeControl "180+1"]
[Date "2022.05.17"]
[WhiteClock "0:00:13"]
[BlackClock "0:01:35"]

1. d4 Nf6 2. c4 e6 3. g3 d5 4. Bg2 Bb4+ 5. Bd2 a5 6. Nf3 O-O 7. O-O dxc4 8. e3 Nc6 9. Qc2 Bd6 10. Qxc4 e5 11. d5 Ne7 12. Nc3 c6 13. dxc6 bxc6 14. Rfd1 Qb6 15. b3 Be6 16. Qe2 Rfd8 17. Ng5 Bg4 18. Bf3 Bf5 19. Nge4 Nxe4 20. Nxe4 Bb4 21. Rac1 Nd5 22. Ng5 h6 23. e4 hxg5 24. exf5 Bxd2 25. Rxd2 Nf6 26. Rxd8+ Rxd8 27. Qxe5 Rd2 28. Qe3 Qxe3 29. fxe3 Rxa2 30. Rxc6 g4 31. Bg2 Rb2 32. Ra6 Rxb3 33. Rxa5 Rxe3 34. Ra8+ Kh7 35. Ra7 Kg8 36. Ra8+ Re8 37. Rxe8+ Nxe8 38. Kf2 Nd6 39. Bh3 gxh3 40. g4 Ne4+ 41. Kf3 Ng5+ 42. Kg3 f6 43. Kh4 Kf7 44. Kh5 Nf3 45. g5 Nxg5 0-1


[Site "https://www.chess.com"]

[Event "Titled Tuesday Blitz May 17 Late 2022"]
[White "Kozak, Adam"]
[Black "De La Colina, Nicolas"]
[WhiteFideId "753246"]
[BlackFideId "30946921"]
[WhiteElo "2459"]
[BlackElo "2046"]
[Result "1/2-1/2"]
[Round "02"]
[TimeControl "180+1"]
[Date "2022.05.17"]
[WhiteClock "0:00:18"]
[BlackClock "0:00:19"]

1. e4 c5 2. f4 d5 3. exd5 Nf6 4. Nc3 Nxd5 5. d3 Nc6 6. Nf3 g6 7. Bd2 Bg7 8. Be2 O-O 9. O-O b6 10. Kh1 Bb7 11. Qe1 Rc8 12. Nxd5 Qxd5 13. c3 Rfe8 14. Qh4 Ba6 15. f5 Bxd3 16. fxg6 Bxg6 17. Bg5 Qe4 18. Qf2 Rcd8 19. Rae1 Qc2 20. Bb5 Qxf2 21. Rxf2 Rd6 22. Bxc6 Rxc6 23. Bxe7 Re6 24. Rxe6 fxe6 25. Bg5 e5 26. Be3 e4 27. Nd2 Rd8 28. Kg1 Rd3 29. Re2 Bh5 30. Re1 Bg6 31. Kf2 Bf6 32. h3 Kf7 33. g3 Ke6 34. Bf4 Kd5 35. Be3 b5 36. Ke2 Kc6 37. Nb3 Be7 38. Rf1 Rd5 39. Nd2 Rf5 40. Rxf5 Bxf5 41. g4 Bg6 42. b3 Kd5 43. c4+ bxc4 44. Nxc4 Bd8 45. Bf4 Be8 46. Kd2 Bb5 47. Ne3+ Ke6 48. Kc1 Ba5 49. Kc2 Bd3+ 50. Kd1 Bb4 51. Nf5 Kd5 52. Be3 Bc3 53. Bd2 Bd4 54. Ng3 Ke5 55. Nf5 Kd5 56. Be3 Be5 57. Kd2 Bf6 58. h4 Be5 59. h5 Bd4 60. g5 Be5 61. g6 hxg6 62. hxg6 Ke6 63. g7 Kf7 64. Bxc5 Bxg7 65. Nxg7 Kxg7 66. Bxa7 Kf7 67. Kc3 Ke6 68. a4 Kd7 69. b4 Kc6 70. Be3 Kb7 71. Kd4 Kc6 72. Kc3 Kb7 73. b5 Be2 74. Kb4 Bd3 75. a5 Be2 76. a6+ Ka8 77. Ka5 Bxb5 78. Kxb5 Kb8 79. Kb6 Ka8 80. Bc5 e3 81. Bb4 e2 82. Be1 Kb8 83. Kb5 Ka8 84. Bf2 Kb8 85. Kc4 e1=Q 86. Bxe1 Ka7 87. Kb5 Ka8 88. Bd2 Kb8 89. Bb4 Ka8 90. Ka5 Ka7 91. Bc5+ Ka8 92. Bb6 Kb8 93. Kb5 Ka8 94. Kc6 Kb8 95. Bc7+ Ka8 96. Kb5 Ka7 97. Bd6 Ka8 98. Bb4 Ka7 99. Kc6 Ka8 100. Kb6 Kb8 101. Ka5 Ka8 102. Bc5 Kb8 103. Ba7+ Ka8 104. Kb6 1/2-1/2


[Site "https://www.chess.com"]

[Event "Titled Tuesday Blitz May 17 Late 2022"]
[White "Martic, Ivan"]
[Black "Hansen, Eric"]
[WhiteFideId "929301"]
[BlackFideId "2606771"]
[WhiteElo "2317"]
[BlackElo "2568"]
[Result "0-1"]
[Round "02"]
[TimeControl "180+1"]
[Date "2022.05.17"]
[WhiteClock "0:00:07"]
[BlackClock "0:00:29"]

1. d4 Nf6 2. Bg5 d5 3. Nd2 c5 4. Bxf6 exf6 5. e3 Nc6 6. c3 Bd6 7. Ngf3 O-O 8. Bd3 g6 9. O-O Re8 10. Re1 f5 11. g3 Qf6 12. Bf1 Rd8 13. Rc1 b6 14. Qa4 Ne7 15. Ba6 Bd7 16. Bb5 Be6 17. Bf1 Kg7 18. Bg2 h5 19. h4 c4 20. Qc2 b5 21. Ng5 Bd7 22. b3 cxb3 23. axb3 Rdc8 24. Qa2 a5 25. c4 Bb4 26. cxd5 a4 27. Rcd1 Ra5 28. bxa4 Rxa4 29. Qb3 Rc3 30. Qb2 Rca3 31. e4 Ra2 32. Qc1 Qxd4 33. Ngf3 Qb2 34. exf5 Qxc1 35. Rxc1 Bxf5 36. Rcd1 Nxd5 37. Nd4 Nc3 38. Nxf5+ gxf5 39. Nf3 Nxd1 40. Rxd1 Ra1 41. Rxa1 Rxa1+ 42. Kh2 Bc5 43. Bh3 Kf6 44. Ng5 Ra2 45. Kh1 Bxf2 46. Nf3 Bxg3 47. Nd4 Rh2+ 48. Kg1 Rxh3 49. Kg2 Rxh4 0-1


[Site "https://www.chess.com"]

[Event "Titled Tuesday Blitz May 17 Late 2022"]
[White "Martinez Alcantara, Jose Eduardo"]
[Black "Czopor, Maciej"]
[WhiteFideId "3805662"]
[BlackFideId "21805431"]
[WhiteElo "2690"]
[BlackElo "1999"]
[Result "1-0"]
[Round "02"]
[TimeControl "180+1"]
[Date "2022.05.17"]
[WhiteClock "0:00:22"]
[BlackClock "0:00:02"]

1. e4 c6 2. d4 d5 3. e5 c5 4. Nf3 Bg4 5. dxc5 Nc6 6. c3 e6 7. Be3 Nge7 8. Bb5 Nf5 9. Bd4 Qa5 10. Bxc6+ bxc6 11. Nbd2 Rb8 12. O-O Rxb2 13. Rb1 Rxb1 14. Qxb1 Be7 15. Qb7 Qa4 16. Qb3 Qa6 17. h3 Bxf3 18. Nxf3 O-O 19. g4 Nh4 20. Nxh4 Bxh4 21. Rb1 Qd3 22. Be3 h5 23. Qd1 Qxd1+ 24. Rxd1 Rb8 25. gxh5 Rb2 26. Rd4 Be7 27. Ra4 Rb5 28. c4 dxc4 29. Rxc4 Rb2 30. a4 a5 31. Kg2 Kh7 32. Kf3 Bd8 33. Rf4 f5 34. Rd4 Bc7 35. Bf4 Rb3+ 36. Kg2 Rb4 37. Be3 Bxe5 38. Rd7 Rxa4 39. Re7 Rc4 40. Rxe6 Bd4 41. Bxd4 Rxd4 42. Rxc6 a4 43. Ra6 Rc4 44. c6 a3 45. Kg3 Rc3+ 46. Kg2 Kh6 47. Ra5 Kxh5 48. Rxf5+ Kg6 49. Ra5 Rxc6 50. Rxa3 Rf6 51. Rg3+ Kh7 52. Rg4 Rd6 53. Kg3 Rd3+ 54. f3 Rd6 55. Rh4+ Kg6 56. Rg4+ Kf6 57. Re4 Rd1 58. Kg4 Kg6 59. Re6+ Kf7 60. Ra6 Rd5 61. f4 Rb5 62. h4 Rb1 63. Kg5 Rb2 64. Ra7+ Kf8 65. h5 Rg2+ 66. Kf5 Rh2 67. Kg6 Rg2+ 68. Kf5 Rh2 69. Rb7 Rxh5+ 70. Kg6 Rh6+ 71. Kg5 Rf6 72. Rb8+ Kf7 73. Rb7+ Kg8 74. Rb8+ Kh7 75. f5 Rd6 76. Rb1 Rf6 77. Rh1+ Kg8 78. Re1 Kf7 79. Rc1 Kg8 80. Rc7 Kh7 81. Rd7 Kg8 82. Re7 Kh7 83. Ra7 Kg8 84. Re7 Kh7 85. Re6 Rf7 86. Rd6 Rc7 87. Re6 Rd7 88. Rc6 Re7 89. Rd6 Rc7 90. Kf4 Rc5 91. Re6 Kg8 92. Kg5 Kf7 93. Ra6 Rd5 94. Ra7+ Kg8 95. Ra6 Kf7 96. Ra7+ Kg8 97. Rb7 Re5 98. Rd7 Rc5 99. Rd6 Rb5 100. Kg6 Kf8 101. Rd8+ Ke7 102. Rg8 Rb1 103. Rxg7+ Kf8 104. Ra7 Rb2 105. Ra8+ Ke7 106. f6+ Ke6 107. Re8+ Kd7 108. f7 Rg2+ 109. Kh5 Rh2+ 110. Kg4 Rg2+ 111. Kh3 Rf2 112. f8=Q Rxf8 113. Rxf8 Ke7 114. Rf1 1-0


[Site "https://www.chess.com"]

[Event "Titled Tuesday Blitz May 17 Late 2022"]
[White "Moroni, Luca Jr"]
[Black "Kruckenhauser, Arthur"]
[WhiteFideId "865834"]
[BlackFideId "1642812"]
[WhiteElo "2573"]
[BlackElo "2243"]
[Result "1-0"]
[Round "02"]
[TimeControl "180+1"]
[Date "2022.05.17"]
[WhiteClock "0:00:40"]
[BlackClock "0:00:13"]

1. d4 Nf6 2. c4 e6 3. Nc3 Bb4 4. Nf3 d5 5. cxd5 exd5 6. Bf4 Nc6 7. Rc1 Ne4 8. g3 Bf5 9. Qb3 a5 10. a3 a4 11. Qa2 Bxc3+ 12. bxc3 Na5 13. Bg2 Nb3 14. O-O Nxc1 15. Rxc1 O-O 16. Ne5 c6 17. Qb2 Nd6 18. Qb4 Nb5 19. h4 Re8 20. e3 f6 21. Nf3 Qe7 22. Qxe7 Rxe7 23. Nd2 Ree8 24. c4 Nxa3 25. cxd5 Bd7 26. dxc6 bxc6 27. Ne4 Nb5 28. Nc5 Red8 29. Nxd7 Rxd7 30. Bxc6 Rda7 31. Bxb5 a3 32. Bc6 Rd8 33. d5 Kf7 34. Ra1 a2 35. d6 Ke6 36. e4 g5 37. hxg5 fxg5 38. Bd5+ Kd7 39. Bxg5 Rg8 40. Bxg8 1-0


[Site "https://www.chess.com"]

[Event "Titled Tuesday Blitz May 17 Late 2022"]
[White "Oparin, Grigoriy"]
[Black "Leitao, Rafael"]
[WhiteFideId "24125890"]
[BlackFideId "2101246"]
[WhiteElo "2665"]
[BlackElo "2609"]
[Result "1-0"]
[Round "02"]
[TimeControl "180+1"]
[Date "2022.05.17"]
[WhiteClock "0:00:32"]
[BlackClock "0:00:17"]

1. e4 c5 2. Nf3 d6 3. Bb5+ Bd7 4. a4 Nc6 5. O-O g6 6. Re1 Bg7 7. c3 e5 8. Na3 Nge7 9. Nc4 Qc7 10. a5 O-O 11. d3 h6 12. b4 d5 13. Ne3 d4 14. Nd5 Nxd5 15. exd5 Ne7 16. Bxd7 Qxd7 17. c4 cxb4 18. Nxe5 Qd6 19. Nf3 b5 20. axb6 axb6 21. Rxa8 Rxa8 22. Qb3 b5 23. Bd2 bxc4 24. dxc4 Rb8 25. Rb1 Nf5 26. Bxb4 Qa6 27. c5 Bf8 28. d6 Nxd6 29. Ne5 Bg7 30. Nxg6 Qc4 31. Ne7+ Kh8 32. cxd6 1-0


[Site "https://www.chess.com"]

[Event "Titled Tuesday Blitz May 17 Late 2022"]
[White "Pap, Gyula"]
[Black "Khater, Sherif"]
[WhiteFideId "725323"]
[BlackFideId "2034280"]
[WhiteElo "2553"]
[BlackElo "2612"]
[Result "1-0"]
[Round "02"]
[TimeControl "180+1"]
[Date "2022.05.17"]
[WhiteClock "0:00:05"]
[BlackClock "0:00:19"]

1. d4 g6 2. e4 Bg7 3. h4 h5 4. Nf3 d6 5. Ng5 Nf6 6. Bc4 O-O 7. Qe2 Nc6 8. c3 d5 9. exd5 Nxd5 10. Qe4 e6 11. O-O a5 12. a4 Nce7 13. Nd2 Nf5 14. Bb3 Nf6 15. Qf4 Nd5 16. Qe4 Nf6 17. Qf4 Nd5 18. Qh2 b6 19. Ndf3 Bb7 20. Bf4 Nxf4 21. Qxf4 Qd6 22. Ne5 Bd5 23. Ne4 Qe7 24. Bxd5 exd5 25. Ng3 Bxe5 26. dxe5 Qxh4 27. Qxh4 Nxh4 28. Rad1 c6 29. Rd4 Nf5 30. Nxf5 gxf5 31. Rf4 Kg7 32. Rxf5 Rh8 33. Rd1 Rh6 34. Rd3 Re8 35. Rg3+ Rg6 36. Rgf3 Re7 37. Rxh5 Rg4 38. b3 b5 39. axb5 cxb5 40. Rfh3 a4 41. bxa4 bxa4 42. Rh8 Kg6 43. R3h5 a3 44. R5h6+ Kf5 45. Ra6 Rxe5 46. Rh5+ Ke4 47. Rxe5+ Kxe5 48. Rxa3 Rc4 49. Kf1 Ke4 50. Ke2 Ke5 51. Rb3 f5 52. Kd3 f4 53. f3 Rc8 54. Rb7 Rg8 55. Re7+ Kf5 56. Re2 Rc8 57. Kd4 Rc4+ 58. Kd3 Rc7 59. Ra2 Re7 60. Ra5 Re3+ 61. Kd4 Re2 62. Rxd5+ Kf6 63. c4 Rxg2 64. Kc5 Ke6 65. Rd3 Re2 66. Kd4 Ra2 67. Ke4 Ra4 68. Rd4 Kf6 69. Kxf4 Ke6 70. Ke4 Kf6 71. f4 Ke6 72. f5+ Kf6 73. Kd5 Ra8 74. c5 Ke7 75. Ke5 Rc8 76. Rd5 Rc6 77. Kd4 Kf6 78. Kc4 Ke7 79. Kb5 Rc8 80. c6 Rb8+ 81. Kc5 Rb1 82. Rd7+ Ke8 83. Rd2 Rc1+ 84. Kb6 Rb1+ 85. Kc7 Rb5 86. Re2+ Kf7 87. Kd6 Rb1 88. c7 Rd1+ 89. Kc6 Rc1+ 90. Kb7 Rb1+ 91. Kc8 Kf6 92. Re3 Kxf5 93. Kd8 Rd1+ 94. Ke7 Rc1 95. Kd7 Rd1+ 96. Kc8 Rb1 97. Rd3 Ke6 98. Kd8 Rc1 99. c8=Q+ Rxc8+ 100. Kxc8 1-0


[Site "https://www.chess.com"]

[Event "Titled Tuesday Blitz May 17 Late 2022"]
[White "Pichot, Alan"]
[Black "Martinez Reyes, Pedro Ramon"]
[WhiteFideId "110973"]
[BlackFideId "3901807"]
[WhiteElo "2579"]
[BlackElo "2410"]
[Result "1-0"]
[Round "02"]
[TimeControl "180+1"]
[Date "2022.05.17"]
[WhiteClock "0:01:15"]
[BlackClock "0:00:07"]

1. d4 Nf6 2. Nf3 d5 3. c4 dxc4 4. e3 e6 5. Bxc4 c5 6. O-O Nc6 7. dxc5 Qxd1 8. Rxd1 Bxc5 9. a3 O-O 10. b4 Be7 11. Bb2 Bd7 12. Nbd2 Rfd8 13. Nb3 Rac8 14. Rac1 Be8 15. Rxd8 Rxd8 16. b5 Nb8 17. a4 Rc8 18. Bd4 Ba3 19. Rc2 a6 20. Ne1 Bb4 21. Bd3 Rxc2 22. Nxc2 Bd6 23. Na5 axb5 24. Nxb7 Bc7 25. axb5 Nbd7 26. Nb4 Nb6 27. Na6 Nbd5 28. Nxc7 Nxc7 29. Nd6 Bd7 30. b6 1-0


[Site "https://www.chess.com"]

[Event "Titled Tuesday Blitz May 17 Late 2022"]
[White "Popilski, Gil"]
[Black "Paravyan, David"]
[WhiteFideId "2809060"]
[BlackFideId "4194985"]
[WhiteElo "2537"]
[BlackElo "2569"]
[Result "1-0"]
[Round "02"]
[TimeControl "180+1"]
[Date "2022.05.17"]
[WhiteClock "0:00:16"]
[BlackClock "0:00:08"]

1. e4 e5 2. Nf3 Nf6 3. Nxe5 d6 4. Nf3 Nxe4 5. d4 d5 6. Bd3 Bd6 7. O-O O-O 8. c4 c6 9. Qc2 h6 10. Nc3 Nxc3 11. bxc3 Re8 12. Rb1 dxc4 13. Bxc4 Qf6 14. Bd3 b6 15. Be3 Ba6 16. c4 Nd7 17. Rfe1 Nf8 18. h3 Ng6 19. Nd2 Nf4 20. Bf1 Qg6 21. Qxg6 Nxg6 22. g3 Rad8 23. a4 Bf8 24. f4 Ne7 25. g4 Nc8 26. Bg2 Bb7 27. a5 Bd6 28. Kf2 Bc7 29. Ne4 Ba6 30. Nd2 Bb7 31. Rb3 Nd6 32. axb6 axb6 33. c5 Nc8 34. cxb6 Nxb6 35. Reb1 Rb8 36. Rxb6 Bxb6 37. Rxb6 Ba8 38. Nc4 Rxb6 39. Nxb6 Bb7 40. f5 Kf8 41. Bf4 Ke7 42. Be5 f6 43. Bc7 Kf7 44. h4 Re7 45. Bd6 Re8 46. Bf3 Rd8 47. Bc5 Ke8 48. g5 Kf7 49. g6+ Kg8 50. h5 Re8 51. Bg2 Rd8 52. Bf1 Re8 53. Bc4+ Kh8 54. Be6 Rc8 55. Bxc8 Ba6 56. Bxa6 Kg8 57. Bb7 Kh8 58. Bxc6 Kg8 59. d5 Kh8 60. d6 Kg8 61. d7 Kh8 62. d8=R# 1-0


[Site "https://www.chess.com"]

[Event "Titled Tuesday Blitz May 17 Late 2022"]
[White "Rasulov, Vugar"]
[Black "Djokic, Mihailo"]
[WhiteFideId "13402390"]
[BlackFideId "976440"]
[WhiteElo "2560"]
[BlackElo "2202"]
[Result "1-0"]
[Round "02"]
[TimeControl "180+1"]
[Date "2022.05.17"]
[WhiteClock "0:01:13"]
[BlackClock "0:00:01"]

1. d4 Nf6 2. c4 g6 3. f3 d6 4. e4 Bg7 5. Ne2 O-O 6. Be3 Nc6 7. Qd2 a6 8. Na3 Rb8 9. Rc1 Bd7 10. d5 Ne5 11. c5 c6 12. cxd6 exd6 13. Nc3 cxd5 14. Nxd5 Nxd5 15. exd5 Re8 16. Be2 Qh4+ 17. g3 Qh3 18. Kf2 Qf5 19. h3 Rbc8 20. g4 Qf6 21. Bg5 Nxf3 22. Bxf3 Qxb2 23. Nc4 Qb5 24. Ne3 Qa4 25. Kg2 f6 26. Bh4 Bh6 27. Bf2 Qa3 28. Rxc8 Bxc8 29. Re1 f5 30. Qc2 fxg4 31. Nxg4 Bf5 32. Nxh6+ 1-0


[Site "https://www.chess.com"]